 Seeded DCSS version 0.32-a0-953-g508020473e (webtiles) character file.

Game seed: 202404161 (custom seed)

232 Orlauf the Chopper (level 5, -3/42 HPs)
             Began as a Demonspawn Gladiator on Apr 16, 2024.
             Slain by a gnoll
             ... wielding a +0 whip
              (4 damage)
             ... on level 3 of the Dungeon.
             The game lasted 00:02:52 (2076 turns).

Orlauf the Chopper (Demonspawn Gladiator)           Turns: 2076, Time: 00:02:53

Health: -3/42      AC:  9    Str: 16    XL:     5   Next: 73%
Magic:  14/14      EV:  7    Int:  9    God:
Gold:   173        SH:  0    Dex: 14    Spells: 4/4 levels left

rFire   . . .        a - +0 war axe
rCold   + + .        (no shield)
rNeg    . . .        m - +0 chain mail
rPois   .            c - +0 helmet
rElec   .            (no cloak)
rCorr   .            (no gloves)
SInv    .            (no boots)
Will    .....        (no amulet) Stlth
                     h - ring of protection from cold
HPRegen 0.27/turn    i - ring of magical power
MPRegen 0.14/turn

%: no passive effects
@: brilliant
A: powered by death 2, cold resistance 1
a: no special abilities


You were on level 3 of the Dungeon.
You visited 1 branch of the dungeon, and saw 3 of its levels.

You collected 173 gold pieces.

Inventory:

Hand Weapons
 a - a +0 war axe (weapon)
 p - a +0 battleaxe
Missiles
 e - a javelin
 k - 6 boomerangs
Armour
 c - a +0 helmet (worn)
 m - a +0 chain mail (worn)
Jewellery
 h - a ring of protection from cold (left hand)
 i - a ring of magical power (right hand)
Wands
 l - a wand of flame (8)
Scrolls
 f - a scroll of teleportation
Potions
 b - 2 potions of ambrosia
 r - a potion of haste {unknown}
 s - a potion of might {unknown}


   Skills:
 + Level 3.8 Fighting
 * Level 5.1 Axes
 - Level 1.7 Throwing
 - Level 2.6 Dodging


You had 4 spell levels left.
You didn't know any spells.
Your spell library contained the following spells:

 Spells                   Type           Power      Damage    Failure   Level
 Call Imp                 Summ           0%         N/A       100%        2
 Sublimation of Blood     Necr           0%         N/A       100%        2
 Frozen Ramparts          Ice            0%         1d1       100%        3
 Ozocubu's Armour         Ice            0%         N/A       100%        3
 Metabolic Englaciation   Hex/Ice        0%         N/A       100%        5
 Conjure Ball Lightning   Conj/Air       0%         3x3d6     100%        6
 Summon Hydra             Summ           0%         N/A       100%        7
 Discord                  Hex            0%         N/A       100%        8
 Disjunction              Tloc           0%         N/A       100%        8


Dungeon Overview and Level Annotations

Branches:
Dungeon (3/15)

Altars:
Sif Muna


Innate Abilities, Weirdness & Mutations

You regenerate health from kills.
Your flesh is cold resistant. (rC+)


Message History

Items here: ( )) [ †.
The gnoll attacks as it pursues you! The gnoll hits you with a +0 whip!
* * * LOW HITPOINT WARNING * * *
Throw: 2 throwing nets
Press: ? - help, Q - select action, (/) - cycle Shift-Dir - straight line, f - gnoll
Aim: a gnoll, wielding a +0 whip (60% to hit)
You throw a throwing net. The throwing net hits the gnoll.
The gnoll is caught in the net!
The gnoll struggles against the net.
The gnoll struggles against the net.
The gnoll struggles against the net.
It was a potion of mutation.
You feel extremely strange.
You feel resistant to cold.
It was a potion of brilliance.
You feel clever all of a sudden. The gnoll attacks as it pursues you!
The gnoll hits you with a +0 whip.
* * * LOW HITPOINT WARNING * * *
Throw: throwing net
Press: ? - help, Q - select action, (/) - cycle Shift-Dir - straight line, f - gnoll
Aim: a gnoll, wielding a +0 whip (60% to hit)
You throw a throwing net.
The throwing net closely misses the gnoll.
The throwing net closely misses the orc. x2
The gnoll barely misses you.
You slash the gnoll!
The gnoll is severely wounded.
The gnoll hits you with a +0 whip.
* * * LOW HITPOINT WARNING * * *
You barely miss the gnoll.
The gnoll is severely wounded.
The gnoll hits you with a +0 whip.
* * * LOW HITPOINT WARNING * * *
You barely miss the gnoll.
The gnoll is severely wounded.
The gnoll hits you with a +0 whip.
* * * LOW HITPOINT WARNING * * *
You hit the gnoll.
The gnoll is severely wounded.
The gnoll hits you with a +0 whip.
You die...

....######g#.#.#####
..g. #..o....... .g.
###.######. .g #...#
#o#.# #g#.# #.#.#
########o#.#
#..@googo#..
#.########## #.# #.#
#.# #.# #.# #[##
#..#


You could see 2 gnolls and 4 orcs.

Vanquished Creatures
  Sigmund (D:2)
  A gnoll (D:3)
  An adder (D:2)
  3 ribbon worms (D:2)
  4 orcs (D:3)
  A bat (D:2)
  3 endoplasms
  2 giant cockroaches
  3 goblins
  3 hobgoblins
  4 jackals (D:1)
  3 quokkas (D:2)
  2 ball pythons (D:2)
  5 frilled lizards
  2 rats
38 creatures vanquished.

Notes
Turn   | Place    | Note
-------+----------+-------------------------------------------
     0 | D:1      | Orlauf the Demonspawn Gladiator began the quest for the
                  | Orb.
     0 | D:1      | Reached XP level 1. HP: 16/16 MP: 1/1
   533 | D:1      | Reached skill level 3 in Axes
   542 | D:1      | Gained mutation: You regenerate a little health from kills.
                  | [demonic ancestry]
   542 | D:1      | Reached XP level 2. HP: 19/22 MP: 2/2
  1169 | D:2      | Noticed Sigmund
  1212 | D:2      | Killed Sigmund
  1213 | D:2      | Reached skill level 4 in Axes
  1213 | D:2      | Reached XP level 3. HP: 13/29 MP: 3/3
  1213 | D:2      | Gained mutation: You regenerate health from kills. [demonic
                  | ancestry]
  1213 | D:2      | Reached XP level 4. HP: 16/35 MP: 4/4
  1213 | D:2      | Reached XP level 5. HP: 19/41 MP: 5/5
  1313 | D:2      | Found a faded altar of an unknown god.
  1612 | D:2      | Found a shimmering blue altar of Sif Muna.
  1785 | D:2      | Reached skill level 5 in Axes
  2067 | D:3      | Gained mutation: Your flesh is cold resistant. (rC+)
                  | [potion of mutation]
  2075 | D:3      | HP: 1/42 [gnoll/+0 whip (6)]
  2076 | D:3      | Slain by a gnoll

Illustrated notes

Levels and vault maps discovered:
D:1:      nzn_arrival_water_spiral, layout_basic,
          hangedman_decor_clover_reticule
D:2:      layout_loops_cross, shapermc_ecumenical_altar_acropolis, basic_altar,
          minmay_joined_circles, uniq_sigmund
D:3:      layout_loops_ring, minmay_misc_feat_cross, reono_crystal_passage

Skill      XL: |  1  2  3  4  5 |
---------------+----------------+-----
Axes           | 3 4 5 |  5.1
Fighting       | 3 |  3.8
Throwing       | |  1.7
Dodging        | |  2.6

Action                     |  1- 3 |  4- 6 || total
---------------------------+-------+-------++-------
  Melee: War axe           |    33 |    87 ||   120
  Throw: Throwing net      |     2 |     2 ||     4
    Use: Scroll            |       |     5 ||     5
         Potion            |       |     2 ||     2
   Stab: Sleeping          |     1 |       ||     1
         Held in net/web   |     2 |       ||     2
 Armour: Leather armour    |     6 |       ||     6
         Scale mail        |     9 |    41 ||    50
         Chain mail        |       |    19 ||    19
  Dodge: Dodged            |    18 |    51 ||    69

Table legend: (Time is in decaauts)
 A = Elapsed time spent in this place.
 B = Non-inter-level travel time spent in this place.
 C = Inter-level travel time spent in this place.
 D = Time resting spent in this place.
 E = Time spent auto-exploring this place.
 F = Levels seen in this place.
 G = Mean time per level.
                   A        B        C        D        E       F      G
               +--------+--------+--------+--------+--------+-----+--------+
         Total |   2113 |   2070 |     43 |     44 |   1589 |   3 |  704.3 |
       Dungeon |   2113 |   2070 |     43 |     44 |   1589 |   3 |  704.3 |
               +--------+--------+--------+--------+--------+-----+--------+

Top non-repeatable levels by time:
     D:1: 1089 daAuts
     D:2: 880 daAuts
     D:3: 143 daAuts
